Unix NetHack Version 5.0.0-0 post-release - last build May 31 2026 13:37:37 (4f47d67043fb8e84071ad9bc9740482a2de5bd5e,branch:main).

Game began 2026-05-31 16:08:47, ended 2026-05-31 16:21:15.

DiePARTEI, neutral female human Tourist

                                       ---  ---  --- ---  ---              ----
                          ---        ---.----.----.---.----.---          ---..|
                          |.----------.........--.......||....-----------|....|
                          |............................----.....--.--.|.--.----
                          --...----------.....---......-- ---..............|
                           |...|        |.....| --......|   |-.............----
                           |..--        |....--  ----..-| ---.................|
                           |..|         --..--  ----|...---.G.......---......--
----                   -----..|       ----..|   |..--.0..|.........----.....-|
|..|                ----.....--       |....--  --...............------..|....--
|..--            ---|....-----    ----|....-- --..........G.....|......-----..|
--.^--         ---..|.----        |..--.....---......GG...)@G....*------   ----
 |...------   --......--          |............^...h......G.......|
 ---......----|........|          |...............................|
   --........---.......---        |...............................|
    --....--.............--       ----....<.....................---
     |...---------..---...|          --........--..............--
     --.--       ---- --..|           |........|----........----
      ---              |..|           ---.....--   ---.......|
                       ----             --.|.--      --.|.|..|
                                         -----        --------
DiePARTEI the Sightseer     St:13 Dx:15 Co:15 In:12 Wi:10 Ch:12  Neutral
Dlvl:6  $:433 HP:0(36) Pw:15(15) AC:5  Xp:5 T:1579 

Latest messages:
 You are hit by a dagger.
 The gnome throws a dagger!
 The dagger hits the gnome!
 In what direction? 4
 The dart hits the gnome lord.
 The gnome lord misses!
 The gnome throws a dagger!
 You are almost hit by a dagger.
 The dagger hits another object and falls down the stairs.
 From the impact, the other object falls.
 In what direction? 4
 The dart hits the gnome lord.
 The gnome lord hits!
 The gnome lord hits!
 Are you sure you want to pray? [yn] (n) y
 You begin praying to The Lady.
 You are surrounded by a shimmering light.
 The gnome lord starts to attack you, but pulls back.
 The gnome lord starts to attack you, but pulls back.
 The gnome wields 2 daggers!
 The gnome lord starts to attack you, but pulls back.
 The gnome lord starts to attack you, but pulls back.
 The gnome lord starts to attack you, but pulls back.
 The gnome lord starts to attack you, but pulls back.
 The gnome starts to attack you, but pulls back.
 You finish your prayer.
 You feel that The Lady is well-pleased.
 You feel much better.
 In what direction? 4
 The dart hits the gnome lord.
 The gnome lord hits!
 The gnome thrusts one of her daggers.
 The gnome hits!
 In what direction? 4
 You kill the gnome lord!
 Welcome to experience level 5.
 The gnome lord hits!
 The gnome hits!
 The gnome thrusts one of her daggers.
 The gnome hits!
 In what direction? 7
 The dart hits the gnome lord.
 The gnome lord hits!
 The gnome hits!
 You die...
 Do you want your possessions identified? [ynq] (y) y
 Do you want to see your attributes? [ynq] (y) y
 Do you want an account of creatures vanquished? [ynaq] (y) y
 Do you want to see your conduct and achievements? [ynq] (y) y
 Do you want to see the dungeon overview? [ynq] (y) y

Inventory:
 Coins    ('$')
  $ - 433 gold pieces
 Weapons  (')')
  a - 15 +2 darts (at the ready)
  n - 3 +0 orcish daggers
 Armor    ('[')
  v - an uncursed +0 orcish helm
  m - an uncursed rusty +1 orcish helm (being worn)
  u - a cursed -1 orcish helm
  j - an uncursed +0 Hawaiian shirt with a toucan motif (being worn)
  p - an uncursed +0 scale mail (being worn)
 Comestibles  ('%')
  f - 7 uncursed food rations
  q - an uncursed fortune cookie
  b - an uncursed orange
  c - an uncursed pancake
  g - 2 uncursed eggs
  s - a cursed egg
 Scrolls  ('?')
  o - an uncursed scroll of fire
  z - an uncursed scroll of light
  i - 2 uncursed scrolls of magic mapping
 Spellbooks  ('+')
  G - an uncursed spellbook of cure blindness
 Potions  ('!')
  x - a cursed potion of blindness
  r - an uncursed potion of sleeping
 Rings    ('=')
  A - an uncursed ring of aggravate monster
  F - an uncursed ring of stealth
 Tools    ('(')
  l - an uncursed credit card
  k - an expensive camera (0:36)
  t - a cursed tin whistle
 Gems/Stones  ('*')
  E - an uncursed worthless piece of black glass
  D - an uncursed worthless piece of green glass

DiePARTEI the Tourist's attributes:

Background:
 You were a Sightseer, a level 5 female human Tourist.
 You were neutral, on a mission for The Lady
 who was opposed by Blind Io (lawful) and Offler (chaotic).
 You were right-handed.
 You were in the Gnomish Mines, on level 6.
 You entered the dungeon 1579 turns ago.
 There was a full moon in effect when your adventure ended.
 You had 163 experience points, 157 more were needed to attain level 6.

Basics:
 You had 0 out of 36 hit points.
 You had all 15 energy points (spell power).
 Your armor class was 5.
 Your wallet contained 433 zorkmids.
 Autopickup was off.

Final Characteristics:
 Your strength was 13 (limit:18/100).
 Your dexterity was 15 (limit:18).
 Your constitution was 15 (limit:18).
 Your intelligence was 12 (limit:18).
 Your wisdom was 10 (limit:18).
 Your charisma was 12 (limit:18).

Final Status:
 You weren't hungry.
 You were unencumbered.
 You were bare handed.
 You were unskilled in bare handed combat.

Final Attributes:
 You were devoutly aligned.
 You were warded.
 You were lucky.
 You are dead.

Miscellaneous:
 You didn't encounter any bones levels.
 Total elapsed playing time was 12 minutes and 24 seconds.

Major events:
 Turn
    1: DiePARTEI the neutral female human Tourist entered the dungeon
 1002: attained the rank of Sightseer (level 3)
 1301: entered the Gnomish Mines
 1357: reached Mine Town
 1579: killed by a gnome

You didn't know any spells.

Skills:
 Fighting Skills
   bare handed combat [Unskilled]
   two weapon combat  [Unskilled]
   riding             [Unskilled]
 Weapon Skills
   dagger             [Unskilled]
   knife              [Unskilled]
   axe                [Unskilled]
   pick-axe           [Unskilled]
   short sword        [Unskilled]
   broadsword         [Unskilled]
   long sword         [Unskilled]
   two-handed sword   [Unskilled]
   saber              [Unskilled]
   mace               [Unskilled]
   morning star       [Unskilled]
   flail              [Unskilled]
   hammer             [Unskilled]
   quarterstaff       [Unskilled]
   polearms           [Unskilled]
   spear              [Unskilled]
   trident            [Unskilled]
   lance              [Unskilled]
   bow                [Unskilled]
   sling              [Unskilled]
   crossbow           [Unskilled]
   dart               [Basic]
   shuriken           [Unskilled]
   boomerang          [Unskilled]
   whip               [Unskilled]
   unicorn horn       [Unskilled]
 Spellcasting Skills
   divination spells  [Unskilled]
   enchantment spells [Unskilled]
   escape spells      [Unskilled]

Voluntary challenges:
 Character rerolling was not enabled.
 You never hit with a wielded weapon.
 You never genocided any monsters.
 You never polymorphed an object.
 You never changed form.
 You used no wishes.
Achievements:
 You attained the rank of Sightseer.
 You entered the Gnomish Mines.
 You entered Minetown.

 The Dungeons of Doom: levels 1 to 4
    Level 1:
    Level 2:
    Level 3:
       Some fountains.
    Level 4:
       Stairs down to The Gnomish Mines.
 The Gnomish Mines: levels 5 to 7
    Level 5:
    Level 6: <- You were here.
       Final resting place for
          you, killed by a gnome.
    Level 7:


Vanquished creatures:
  a gnome leader
  a gnomish wizard
  a hill orc
  a rothe
  a giant bat
  a hobbit
  6 manes
  a hobgoblin
  4 gnomes
  2 geckos
  3 jackals
  2 foxes
  4 goblins
  5 grid bugs
  3 lichens
  2 kobold zombies
  8 newts
46 creatures vanquished.

No species were genocided or became extinct.

Game over:
                       ----------
                      /          \
                     /    REST    \
                    /      IN      \
                   /     PEACE      \
                  /                  \
                  |    DiePARTEI     |
                  |      433 Au      |
                  |   killed by a    |
                  |      gnome       |
                  |                  |
                  |                  |
                  |       2026       |
                 *|     *  *  *      | *
        _________)/\\_//(\/(/\)/\//\/|_)_______

Aloha DiePARTEI the Tourist...

You died in The Gnomish Mines on dungeon level 6 with 994 points,
and 433 pieces of gold, after 1579 moves.
You were level 5 with a maximum of 36 hit points when you died.

